 Dungeon Crawl Stone Soup version 0.28-a0-649-g2b6bb2fd11 (webtiles) character file.

Game seed: 13087925473598405667

212 Gargoyl the Skirmisher (level 5, -3/47 HPs)
             Began as a Gnoll Abyssal Knight on Oct 11, 2021.
             Was a Believer of Lugonu.
             Slain by an orc wizard (7 damage)
             ... on level 5 of the Dungeon.
             The game lasted 00:04:10 (2543 turns).

Gargoyl the Skirmisher (Gnoll Abyssal Knight)       Turns: 2543, Time: 00:04:11

Health: -3/47      AC: 11    Str: 13    XL:     5   Next: 89%
Magic:  8/8        EV: 15    Int: 10    God:    Lugonu [**....]
Gold:   150        SH:  0    Dex: 12    Spells: 7/7 levels left

rFire   . . .      SeeInvis .   a - +1 hand axe
rCold   + . .      Faith    .   (no shield)
rNeg    . . .      Spirit   .   c - +4 ring mail
rPois   .          Reflect  .   (no helmet)
rElec   .          Harm     .   (no cloak)
rCorr   .          Rampage  .   k - +0 pair of gloves
Will    .....                   (no boots)
Stlth   +.........              (no amulet)
HPRegen 0.15/turn               b - ring of protection from cold
MPRegen 0.11/turn               h - +4 ring of evasion

@: no status effects
A: fangs 1, strong nose, distributed training
a: Renounce Religion, Depart the Abyss, Bend Space


You were on level 5 of the Dungeon.
You worshipped Lugonu.
Lugonu was pleased with you.
You visited 1 branch of the dungeon, and saw 5 of its levels.
You visited the Abyss 1 time.

You collected 150 gold pieces.

Inventory:

Hand Weapons
 a - a +1 hand axe (weapon)
Missiles
 f - 32 poisoned darts (quivered)
Armour
 c - a +4 ring mail (worn)
 k - a +0 pair of gloves (worn)
Jewellery
 b - a ring of protection from cold (left hand)
 h - a +4 ring of evasion (right hand)
Scrolls
 d - 2 scrolls of teleportation
 j - a scroll of enchant armour {unknown}
Potions
 e - 2 potions of curing {unknown}
 g - a potion of heal wounds {unknown}
 i - 2 potions of ambrosia {unknown}


   Skills:
 + Level 6.7 Fighting
 + Level 1.6 Short Blades
 + Level 1.6 Long Blades
 + Level 4.8 Axes
 + Level 1.6 Maces & Flails
 + Level 1.6 Polearms
 + Level 1.6 Staves
 + Level 1.6 Slings
 + Level 1.6 Bows
 + Level 1.6 Crossbows
 + Level 1.6 Throwing
 + Level 4.8 Armour
 + Level 3.1 Dodging
 + Level 1.6 Stealth
 + Level 1.6 Shields
 + Level 1.6 Unarmed Combat
 + Level 1.6 Spellcasting
 + Level 1.3 Conjurations
 + Level 1.3 Hexes
 + Level 1.3 Summonings
 + Level 1.3 Necromancy
 + Level 1.3 Translocations
 + Level 1.3 Transmutations
 + Level 1.3 Fire Magic
 + Level 1.3 Ice Magic
 + Level 1.3 Air Magic
 + Level 1.3 Earth Magic
 + Level 1.3 Poison Magic
 + Level 4.9 Invocations
 + Level 1.6 Evocations


You had 7 spell levels left.
You didn't know any spells.
Your spell library contained the following spells:

 Spells                   Type           Power      Damage    Failure   Level
 Leda's Liquefaction      Hex/Erth       1%         N/A       98%         4
 Lee's Rapid Deconstruct  Erth           1%         3d5*      100%        5
 Statue Form              Tmut/Erth      2%         N/A       100%        6


Dungeon Overview and Level Annotations

Branches:
Dungeon (6/15)
 Temple: D:4-7

Altars:


Innate Abilities, Weirdness & Mutations

You have very sharp teeth.
Your uncanny sense of smell can sniff out nearby items.
Your experience applies equally to all skills.


Message History

The orc wizard gestures at you while chanting.
You are confused.
You continue putting on your +0 pair of gloves. x3
You finish putting on your +0 pair of gloves.
An orc comes into view. It is wielding a +0 club.
You feel less confused.
An orc comes into view. It is wielding a +0 falchion.
The orc shouts! x2
The orc wizard gestures at you while chanting.
The puff of flame hits you but does no damage.
You miss the orc wizard. The orc wizard closely misses you.
You hit the orc wizard.
The orc wizard is moderately wounded.
A hound comes into view.
The hound barks!
You hit the orc priest.
You bite the orc priest, but do no damage.
The orc priest is moderately wounded.
You hit the orc wizard. The orc wizard barely misses you.
The orc priest invokes the aid of Beogh against you.
Pain shoots through your body!
You completely miss the orc wizard.
The orc wizard is severely wounded.
You barely miss the orc priest. The orc wizard closely misses you.
The orc wizard hits you with a +0 mace.
* * * LOW HITPOINT WARNING * * *
You barely miss the orc wizard.
The orc wizard is severely wounded.
You hit the orc priest but do no damage.
The orc priest hits you but does no damage.
The orc wizard gestures at you while chanting.
The puff of flame hits you!
* * * LOW HITPOINT WARNING * * *
You hit the orc wizard but do no damage.
The orc wizard is severely wounded.
You hit the orc priest but do no damage.
You hit the orc but do no damage. The orc closely misses you.
The orc priest hits you but does no damage.
The orc wizard hits you with a +0 mace!
You die...

.... #...# #...# #...#
#... #..## ######..## .
......hoo## .#
......oo@.### ##.
............# ##.#
......))....## #..###
.............###....###
..............#.......##
.......................##
.........................
.........................
............###..##......


You could see a hound, an orc priest, an orc wizard and 2 orcs.

Vanquished Creatures
  A water moccasin skeleton (D:3)
  An iguana (D:3)
  A hound zombie (D:5)
  4 adders
  3 gnolls (D:5)
  A dart slug (D:1)
  An orc (D:3)
  2 endoplasms
  2 giant cockroaches
  8 goblins
  6 hobgoblins
  4 jackals (D:1)
  4 kobolds
  A quokka (D:1)
  3 ball pythons (D:1)
  8 bats
  2 frilled lizards (D:2)
  8 rats
60 creatures vanquished.

Notes
Turn   | Place    | Note
-------+----------+-------------------------------------------
     0 | Abyss:1  | Gargoyl the Gnoll Abyssal Knight began the quest for the
                  | Orb.
     0 | Abyss:1  | Reached XP level 1. HP: 23/23 MP: 3/3
    46 | Abyss:2  | Noticed a worldbinder
    49 | Abyss:2  | Noticed a deep elf pyromancer
    51 | Abyss:2  | Noticed a thrashing horror
    55 | D:1      | Escaped the Abyss
   300 | D:1      | Reached XP level 2. HP: 22/29 MP: 5/5
   571 | D:1      | Reached * piety under Lugonu
   771 | D:1      | Reached XP level 3. HP: 35/35 MP: 6/6
  1429 | D:2      | Found a faded altar of an unknown god.
  1487 | D:2      | Reached skill level 1 in Short Blades
  1487 | D:2      | Reached skill level 1 in Long Blades
  1487 | D:2      | Reached skill level 1 in Maces & Flails
  1487 | D:2      | Reached skill level 1 in Polearms
  1487 | D:2      | Reached skill level 1 in Staves
  1487 | D:2      | Reached skill level 1 in Slings
  1487 | D:2      | Reached skill level 1 in Bows
  1487 | D:2      | Reached skill level 1 in Crossbows
  1487 | D:2      | Reached skill level 1 in Throwing
  1487 | D:2      | Reached skill level 1 in Stealth
  1487 | D:2      | Reached skill level 1 in Shields
  1487 | D:2      | Reached skill level 1 in Unarmed Combat
  1487 | D:2      | Reached skill level 1 in Spellcasting
  1487 | D:2      | Reached skill level 1 in Evocations
  1528 | D:2      | Reached XP level 4. HP: 35/41 MP: 7/7
  2030 | D:3      | Reached skill level 1 in Conjurations
  2030 | D:3      | Reached skill level 1 in Hexes
  2030 | D:3      | Reached skill level 1 in Summonings
  2030 | D:3      | Reached skill level 1 in Necromancy
  2030 | D:3      | Reached skill level 1 in Translocations
  2030 | D:3      | Reached skill level 1 in Transmutations
  2030 | D:3      | Reached skill level 1 in Fire Magic
  2030 | D:3      | Reached skill level 1 in Ice Magic
  2030 | D:3      | Reached skill level 1 in Air Magic
  2030 | D:3      | Reached skill level 1 in Earth Magic
  2030 | D:3      | Reached skill level 1 in Poison Magic
  2065 | D:3      | Reached XP level 5. HP: 47/47 MP: 8/8
  2302 | D:3      | You fall into a shaft and drop 3 floors!
  2358 | D:6      | Noticed an ogre
  2365 | D:5      | Entered Level 5 of the Dungeon
  2522 | D:5      | Reached ** piety under Lugonu
  2543 | D:5      | Slain by an orc wizard

Illustrated notes

Levels and vault maps discovered:
D:1:      lightli_arrival_statuegarden, layout_basic, minmay_close_crescents
D:2:      layout_loops_ring, basic_ecumenical_altar, hex_tiny,
          grunt_ministairs_7
D:3:      layout_loops_ring, chequers_serial_rivers_room_b,
          minmay_misc_feat_encased, minivault_23,
          minmay_misc_feat_secret_circle, minmay_fractal_squares_5,
          uniq_terence, uniq_robin, uniq_sigmund
D:5:      layout_cave_pods, minmay_temple_entry_enclosed_plants, serial_shops,
          shop, solitary_fountain, uniq_blork_the_orc
D:6:      layout_loops_corners, lemuel_coloured_pillars_altar, serial_rivers,
          chequers_serial_rivers_large_b, chequers_serial_rivers_small_b,
          chequers_serial_rivers_small_b, chequers_serial_rivers_small_3

Skill      XL: |  1  2  3  4  5 |
---------------+----------------+-----
Short Blades   | 1 |  1.6
Long Blades    | 1 |  1.6
Maces & Flails | 1 |  1.6
Polearms       | 1 |  1.6
Staves         | 1 |  1.6
Slings         | 1 |  1.6
Bows           | 1 |  1.6
Crossbows      | 1 |  1.6
Throwing       | 1 |  1.6
Stealth        | 1 |  1.6
Shields        | 1 |  1.6
Unarmed Combat | 1 |  1.6
Spellcasting   | 1 |  1.6
Evocations     | 1 |  1.6
Conjurations   | 1 |  1.3
Hexes          | 1 |  1.3
Summonings     | 1 |  1.3
Necromancy     | 1 |  1.3
Translocations | 1 |  1.3
Transmutations | 1 |  1.3
Fire Magic     | 1 |  1.3
Ice Magic      | 1 |  1.3
Air Magic      | 1 |  1.3
Earth Magic    | 1 |  1.3
Poison Magic   | 1 |  1.3
Dodging        | 3 |  3.1
Fighting       | |  6.7
Axes           | |  4.8
Armour         | |  4.8
Invocations    | |  4.9

Action                   |  1- 3 |  4- 6 || total
-------------------------+-------+-------++-------
Melee: Hand axe          |   123 |    97 ||   220
       Bite              |     5 |    13 ||    18
       Punch             |     1 |     2 ||     3
Invok: Depart the Abyss  |     1 |       ||     1
  Use: Scroll            |     4 |       ||     4
Armor: Ring mail         |    81 |    43 ||   124
Dodge: Dodged            |    86 |    73 ||   159

Table legend: (Time is in decaauts)
 A = Elapsed time spent in this place.
 B = Non-inter-level travel time spent in this place.
 C = Inter-level travel time spent in this place.
 D = Time resting spent in this place.
 E = Time spent auto-exploring this place.
 F = Levels seen in this place.
 G = Mean time per level.
                   A        B        C        D        E       F      G
               +--------+--------+--------+--------+--------+-----+--------+
         Total |   2556 |   2461 |     95 |    100 |   1816 |   7 |  365.1 |
       Dungeon |   2501 |   2406 |     95 |    100 |   1813 |   5 |  500.2 |
         Abyss |     54 |     54 |      0 |      0 |      3 |   2 |   27.0 |
               +--------+--------+--------+--------+--------+-----+--------+

Top non-repeatable levels by time:
     D:1: 1228 daAuts
     D:2: 729 daAuts
     D:3: 300 daAuts
     D:5: 179 daAuts
     D:6: 64 daAuts
 Abyss:2: 44 daAuts
 Abyss:1: 10 daAuts
